AoeStats
← fallenjbird

Black Forest

509541428Analyzed
4v4 RM · 6d ago on Sep 27, 2026· 54m 27s· 8 players
Game mode
Random Map
Map size
Large (8 player)
Population
200
Speed
Normal
Resources
Standard
Victory
Conquest
Starting age
Dark Age
Ending age
Imperial Age
RankedLock teamsTeams togetherTeam positionsShared explorationLock speedFull tech treeHidden civsTurbo modeCheats
Victory
Defeat
🇨🇳 Chinese · China
1040
+21
🇻🇳 Persians · Vietnam
1029
+16
🇦🇷 Franks · Argentina
1019
+16
🇻🇳 Bohemians · Vietnam
905
+21
🇨🇳 Khmer · China
1064
-19
🇲🇽 Cumans · Mexico
1042
-18
🇺🇸 Slavs · United States
1006
-16
🇺🇸 Ethiopians · United States
966
-15
津门酒仙1049
10:43 Feudal Age
14:52 Castle Age
12:47 Double-Bit Axe
16:11 Wheelbarrow
16:16 Bow Saw
20:51 Loom
24:47 Stone Mining
29:32 Imperial Age
27:20 Hand Cart
27:49 Forging
27:44 Scale Barding Armor
28:15 Caravan
30:00 Iron Casting
29:45 Chain Barding Armor
29:20 Gold Mining
29:46 Cavalier
30:27 Husbandry
30:49 Conscription
29:53 Onager
31:20 Paladin
34:11 Blast Furnace
33:47 Plate Barding Armor
41:57 Fletching
42:07 Padded Archer Armor
42:08 Scale Mail Armor
47:23 Coinage
47:42 Chivalry
51:22 Gold Shaft Mining
51:28 Banking
50:37 Light Cavalry
52:12 Bodkin Arrow
52:41 Ballistics
52:08 Arrowslits
53:48 Hoardings
Tào Tháo
0:27 Loom
14:30 Feudal Age
15:14 Double-Bit Axe
15:11 Horse Collar
23:24 Castle Age
24:21 Wheelbarrow
25:10 Forging
26:29 Fortified Wall
27:41 Heavy Plow
28:29 Bow Saw
29:29 Ballistics
33:21 Imperial Age
32:11 Squires
33:57 Iron Casting
33:19 Murder Holes
35:06 Chemistry
35:36 Heavy Scorpion
41:24 Two-Man Saw
43:31 Blast Furnace
42:50 Hand Cart
43:06 Siege Engineers
42:54 Fletching
43:38 Padded Archer Armor
44:22 Town Watch
44:40 Bodkin Arrow
46:50 Leather Archer Armor
46:26 Pikeman
47:45 Bracer
48:39 Halberdier
48:46 Houfnice
50:39 Ring Archer Armor
50:21 Caravan
50:52 Coinage
50:50 Halberdier
52:06 Banking
51:46 Guilds
Đại Việt 2026
2:01 Loom
12:23 Feudal Age
16:52 Castle Age
14:50 Double-Bit Axe
19:08 Bow Saw
27:51 Horse Collar
30:51 Wheelbarrow
33:58 Imperial Age
32:02 Heavy Plow
34:08 Hand Cart
34:22 Heavy Camel Rider
35:15 Crossbowman
36:11 Citadels
36:37 Crop Rotation
36:53 Cavalier
37:34 Husbandry
37:45 Bloodlines
41:16 Two-Man Saw
41:44 Elite War Elephant
43:34 Kamandaran
44:38 Forging
44:29 Scale Mail Armor
44:35 Scale Barding Armor
45:34 Chemistry
44:55 Ballistics
50:23 Savar
53:53 Guilds
53:44 Caravan
54:14 Coinage
55:00 Chain Mail Armor
55:06 Chain Barding Armor
55:22 Iron Casting
863111034
11:56 Feudal Age
13:32 Double-Bit Axe
15:07 Horse Collar
14:52 Man-at-Arms
18:00 Gold Mining
22:25 Castle Age
23:00 Crossbowman
23:45 Padded Archer Armor
23:36 Fletching
23:51 Heavy Plow
24:16 Bow Saw
25:30 Stone Mining
29:32 Thumb Ring
29:30 Bodkin Arrow
29:51 Leather Archer Armor
29:49 Forging
32:12 Ballistics
32:28 Scale Barding Armor
32:24 Scale Mail Armor
33:01 Iron Casting
33:14 Pikeman
33:56 Squires
35:27 Chain Mail Armor
35:39 Chain Barding Armor
40:30 Imperial Age
44:31 Elite Chu Ko Nu
47:05 Chemistry
53:21 Ring Archer Armor
52:52 Bracer
53:29 Plate Barding Armor
fallenjbird
14:18 Feudal Age
18:22 Castle Age
16:58 Stone Mining
17:27 Town Watch
18:48 Gold Mining
22:17 Horse Collar
24:44 Loom
25:35 Wheelbarrow
25:49 Town Patrol
27:22 Double-Bit Axe
28:58 Hand Cart
30:00 Fletching
30:22 Heavy Plow
32:54 Fortified Wall
33:27 Gold Shaft Mining
35:50 Imperial Age
33:08 Crossbowman
33:45 Bodkin Arrow
34:35 Double-Bit Axe
35:26 Thumb Ring
36:02 Arbalester
36:21 Capped Ram
38:36 Conscription
38:24 Squires
37:54 Halberdier
38:38 Bracer
38:42 Scale Mail Armor
38:25 Siege Ram
41:23 Chemistry
40:45 Ballistics
41:27 Chemistry
42:09 Padded Archer Armor
42:25 Chain Mail Armor
43:46 Masonry
43:56 Elite Skirmisher
45:22 Guilds
45:43 Coinage
50:31 Plate Mail Armor
50:12 Forging
50:17 Leather Archer Armor
50:07 Royal Heirs
bodkinboi
12:11 Feudal Age
16:08 Castle Age
17:17 Horse Collar
18:06 Double-Bit Axe
20:27 Heavy Plow
20:45 Loom
22:07 Gold Mining
23:26 Bow Saw
24:03 Wheelbarrow
25:34 Hand Cart
28:30 Bloodlines
28:21 Husbandry
32:15 Imperial Age
29:59 Scale Barding Armor
30:05 Forging
29:48 Fletching
30:41 Town Watch
32:57 Gold Shaft Mining
33:26 Conscription
32:46 Elite Boyar
33:23 Capped Ram
34:43 Siege Engineers
34:32 Siege Ram
38:24 Chain Barding Armor
38:41 Iron Casting
38:51 Bodkin Arrow
42:42 Blast Furnace
45:31 Plate Barding Armor
45:05 Onager
kiubi23cch
9:15 Feudal Age
13:04 Loom
17:20 Double-Bit Axe
19:12 Wheelbarrow
21:12 Horse Collar
23:34 Castle Age
23:42 Scale Barding Armor
23:47 Forging
24:33 Bow Saw
24:48 Chain Barding Armor
25:37 Town Watch
25:32 Light Cavalry
26:23 Bloodlines
29:04 Imperial Age
27:02 Steppe Husbandry
28:06 Iron Casting
27:34 Heavy Plow
28:05 Hand Cart
30:20 Conscription
34:10 Two-Man Saw
34:59 Onager
523988158
0:37 Loom
13:21 Feudal Age
18:34 Castle Age
16:58 Double-Bit Axe
16:56 Horse Collar
19:42 Wheelbarrow
25:34 Bow Saw
27:27 Fletching
32:59 Imperial Age
30:36 Gold Mining
30:53 Heavy Plow
32:20 Hand Cart
34:49 Chemistry
34:02 Fortified Wall
34:00 Stone Mining
35:49 Double Crossbow
35:58 Husbandry
35:20 Light Cavalry
36:42 Conscription
38:27 Bloodlines
40:03 Tusk Swords
Connection lost

Rejoining the realm…

Still unreachable

The connection could not be restored.

Session expired

The server has moved on; the page needs a fresh start.